 Dungeon Crawl Stone Soup version 0.31.0-11-ge490571c62 (webtiles) character file.

Game seed: 13176007446584490527

316 olmar the Grasshopper (level 6, -2/50 HPs)
             Began as an Armataur Warper on Feb 4, 2024.
             Incinerated by a bombardier beetle (5 damage)
             ... with a burning spray
             ... on level 5 of the Dungeon.
             The game lasted 00:06:12 (4264 turns).

olmar the Grasshopper (Armataur Warper)             Turns: 4264, Time: 00:06:13

Health: -2/50      AC: 10    Str: 18    XL:     6   Next: 20%
Magic:  7/9        EV:  9    Int: 14    God:
Gold:   266        SH:  0    Dex:  9    Spells: 7/9 levels left

rFire   . . .        a - +0 mace
rCold   . . .        (no shield)
rNeg    . . .        b - +0 leather armour
rPois   .            (no helmet)
rElec   .            l - +0 cloak
rCorr   .            (no gloves)
SInv    .            (no barding)
Will    .....        (no amulet)
Stlth   +            o - +4 ring of protection
HPRegen 0.28/turn    (no ring)
MPRegen 0.11/turn

%: roll
@: on fire, on blink cooldown, glowing
A: large, deformed body, tough skin 3, armoured tail, roll 1
a: no special abilities


You were on level 5 of the Dungeon.
You visited 1 branch of the dungeon, and saw 5 of its levels.

You collected 266 gold pieces.

Inventory:

Hand Weapons
 a - a +0 mace (weapon)
 r - a +0 morningstar
Missiles
 d - 5 darts of dispersal (quivered)
Armour
 b - a +0 leather armour (worn)
 l - a +0 cloak (worn)
Jewellery
 o - a +4 ring of protection (left hand)
 w - a ring of positive energy
Scrolls
 c - a scroll of blinking
 e - a scroll of teleportation {unknown}
 g - a scroll of fog {unknown}
 i - 3 scrolls of identify
 m - a scroll of vulnerability {unknown}
 q - a scroll of brand weapon {unknown}
 u - a scroll of revelation {unknown}
 v - a scroll of immolation {unknown}
Potions
 f - 2 potions of haste
 j - a potion of mutation {unknown}
 k - 2 potions of enlightenment
 n - a potion of attraction {unknown}
 p - 2 potions of invisibility
 s - a potion of brilliance {unknown}
 t - a potion of lignification {unknown}


   Skills:
 + Level 2.8 Fighting
 + Level 3.6 Maces & Flails
 + Level 0.8 Throwing
 + Level 3.2 Armour
 - Level 2.0 Dodging
 - Level 1.0 Stealth
 + Level 2.4 Spellcasting
 + Level 3.6 Translocations


You had 7 spell levels left.
You knew the following spells:

 Your Spells              Type           Power      Damage    Failure   Level
a - Blink                 Tloc           24%        N/A       9%          2

Your spell library contained the following spells:

 Spells                   Type           Power      Damage    Failure   Level
 Lesser Beckoning         Tloc           24%        N/A       9%          2
 Teleport Other           Tloc           12%        N/A       19%         3
 Kiss of Death            Conj/Necr      4%         2d5       26%         1
 Manifold Assault         Tloc           12%        N/A       52%         4
 Confusing Touch          Hex            1%         N/A       63%         3
 Frozen Ramparts          Ice            2%         1d1       63%         3
 Vhi's Electric Charge    Tloc/Air       12%        N/A       77%         4
 Dispel Undead            Necr           1%         3d6       95%         4
 Freezing Cloud           Conj/Ice/Air   0%         6-21      100%        5
 Metabolic Englaciation   Hex/Ice        0%         N/A       100%        5


Dungeon Overview and Level Annotations

Branches:
Dungeon (5/15)
 Temple: D:4-7

Altars:
Okawaru
Xom

Annotations:
D:3 Grinder
D:5 2 runed translucent doors


Innate Abilities, Weirdness & Mutations

Armour fits poorly on your strangely shaped body.
You have extremely tough skin. (AC +3)
You have a long armoured tail.
You regenerate magic when rolling toward enemies. (Rampage MPRegen)


Message History

* * * LOW HITPOINT WARNING * * *
The bombardier beetle bites you.
* * * LOW HITPOINT WARNING * * *
Unknown command.
Casting: Blink (safe; 9% risk of failure)
Confirm with . or Enter, or press ? or * to list all spells.
You blink.
The liquid fire burns you!
* * * LOW HITPOINT WARNING * * *
Unknown command.
Okay, then.
You feel better. The liquid fire burns you!
* * * LOW HITPOINT WARNING * * *
You feel better. The liquid fire burns you!
* * * LOW HITPOINT WARNING * * *
The bombardier beetle sprays incendiary fluid at you.
The burning spray hits you.
You are even more covered in liquid fire!
You aren't carrying any items that you can evoke.
Throw: 6 darts (disperse)
Press: ? - help, Q - select action, (/) - cycle Shift-Dir - straight line, f - bombardier beetle
Aim: a bombardier beetle (heavily wounded, 64% to hit)
You throw a dart of dispersal.
The dart of dispersal hits the bombardier beetle.
The bombardier beetle blinks!
The liquid fire burns you!
* * * LOW HITPOINT WARNING * * *
You shake off some of the fire as you move.
The liquid fire burns you!
* * * LOW HITPOINT WARNING * * *
Okay, then.
You shake off some of the fire as you move.
The liquid fire burns you!
* * * LOW HITPOINT WARNING * * *
Unknown command.
You shake off some of the fire as you move.
The liquid fire burns you!
You die...

# #.# # #. #.# #.#.
###.# #.... ..... ...#
.###..####.#.# ...#
........##.#.# ...
......#@##.#.# #.#
.###..#ยง##.#.###.######
..............[.....).
.###..##.###.#.#.###.#
#..#...........##.# #B
##.###.#.#.....### ..
#.# #.#.#.#...... ## #.#
#.#.#.###.### >..
......# #....


You could see a bombardier beetle.

Vanquished Creatures
  A bombardier beetle (D:4)
  An orc priest (D:3)
  A hound (D:5)
  Natasha (D:3)
  2 orc wizards (D:4)
  4 gnolls (D:4)
  An adder (D:3)
  A shadow imp (D:3)
  A dart slug (D:1)
  2 ribbon worms
  18 orcs
  3 ball pythons
  4 bats
  4 endoplasms
  7 giant cockroaches
  10 goblins
  7 hobgoblins
  A kobold (D:1)
  2 quokkas
  7 rats
78 creatures vanquished.

Notes
Turn   | Place    | Note
-------+----------+-------------------------------------------
     0 | D:1      | olmar the Armataur Warper began the quest for the Orb.
     0 | D:1      | Reached XP level 1. HP: 17/17 MP: 3/3
   294 | D:1      | Reached XP level 2. HP: 24/24 MP: 4/4
   542 | D:1      | Got the Enchiridion on Graupel and the Jinx
  1081 | D:2      | Reached XP level 3. HP: 22/29 MP: 6/6
  1113 | D:2      | Learned a level 2 spell: Blink
  1999 | D:3      | Reached XP level 4. HP: 36/36 MP: 7/7
  2219 | D:3      | Noticed Natasha
  2230 | D:3      | Reached skill level 1 in Stealth
  2251 | D:3      | Killed Natasha
  2252 | D:3      | Reached XP level 5. HP: 21/42 MP: 8/8
  2750 | D:3      | Noticed Grinder
  2751 | D:3      | Paralysed by Grinder for 4 turns
  2946 | D:4      | Found an iron altar of Okawaru.
  3650 | D:4      | Reached XP level 6. HP: 15/50 MP: 9/9
  4181 | D:5      | Entered Level 5 of the Dungeon
  4206 | D:5      | Found a large runed translucent door.
  4207 | D:5      | Found a large runed translucent door.
  4218 | D:5      | Found a shimmering altar of Xom.
  4263 | D:5      | HP: 2/50 [burnt (2)]
  4264 | D:5      | Incinerated by a bombardier beetle

Illustrated notes

Levels and vault maps discovered:
D:1:      dpeg_arrival_morbid_curiosity, layout_basic
D:2:      layout_basic
D:3:      layout_loops_ring, fedhas_altar_4, uniq_crazy_yiuf_cottage,
          uniq_natasha, uniq_grinder
D:4:      layout_gridville, okawaru_metal_pillars_3
D:5:      due_chaos_kobolds, layout_basic, elyvilon_altar_4, marbit_many_paths,
          serial_shops, nicolae_shop_bloodbath_and_beyond, solitary_fountain,
          nicolae_wormholes

Skill      XL: |  1  2  3  4  5  6 |
---------------+-------------------+-----
Maces & Flails | 2 3 |  3.6
Spellcasting   | 2 |  2.4
Armour         | 2 3 |  3.2
Fighting       | 2 |  2.8
Stealth        | 1 |  1.0
Dodging        | 2 |  2.0
Throwing       | |  0.8
Translocations | |  3.6

Action                     |  1- 3 |  4- 6 || total
---------------------------+-------+-------++-------
  Melee: Mace              |    85 |   177 ||   262
         Tailslap          |    10 |    17 ||    27
         Punch             |       |     2 ||     2
  Throw: Dart              |       |     2 ||     2
   Cast: Blink             |       |    10 ||    10
    Use: Potion            |       |     6 ||     6
         Scroll            |       |     2 ||     2
 Armour: Leather armour    |    62 |   165 ||   227
  Dodge: Dodged            |    38 |   102 ||   140
